 Dungeon Crawl Stone Soup version 0.30-a0-643-g638baaf3f0 (webtiles) character file.

Game seed: 422610233486968696

693 Absynth the Covert (level 7, -3/43 HPs)
             Began as a Kobold Brigand on Jan 16, 2023.
             Slain by a black bear (9 damage)
             ... on level 5 of the Dungeon.
             The game lasted 00:10:36 (4574 turns).

Absynth the Covert (Kobold Brigand)                 Turns: 4574, Time: 00:10:36

Health: -3/43      AC:  4    Str:  6 (8)  XL:     7   Next: 96%
Magic:  7/7        EV: 17    Int: 13      God:
Gold:   153        SH:  0    Dex: 24      Spells: 6/6 levels left

rFire   + . .      SeeInvis .    v - +4 dagger
rCold   . . .      Faith    +    (no shield)
rNeg    . . .      Spirit   .    b - +0 robe
rPois   +          Reflect  .    (no helmet)
rElec   .          Harm     .    c - +0 cloak
rCorr   +          Rampage  .    u - +0 pair of gloves
Will    .....                    (no boots)
Stlth   +++++                    n - amulet "Koof Gycra" {Faith Fly rPois rF+ Dex+6}
HPRegen 0.27/turn                y - ring of resist corrosion
MPRegen 0.10/turn                (no ring)

@: flying
A: small, no large weapons, nightstalker 3, deterioration 1
a: no special abilities


You were on level 5 of the Dungeon.
You visited 1 branch of the dungeon, and saw 5 of its levels.

You collected 153 gold pieces.

Inventory:

Hand Weapons
 a - a +2 dagger
 v - a +4 dagger (weapon)
Missiles
 d - 13 poisoned darts (quivered)
 e - 3 curare-tipped darts
 m - 7 boomerangs
Armour
 b - a +0 robe (worn)
 c - a +0 cloak (worn)
 u - a +0 pair of gloves (worn)
Jewellery
 n - the amulet "Koof Gycra" (around neck) {Faith Fly rPois rF+ Dex+6}
   (You found it on level 2 of the Dungeon)

   [amulet of faith]

   It allows you to gain divine favour quickly.
   Dex:       It affects your dexterity (+6).
   rF:        It protects you from fire.
   rPois:     It protects you from poison.
   Fly:       It grants you flight.
 y - a ring of resist corrosion (left hand)
Scrolls
 g - 5 scrolls of identify
 j - 2 scrolls of enchant weapon
 k - 5 scrolls of teleportation
 w - a scroll of noise {unknown}
 x - a scroll of immolation {unknown}
Potions
 f - a potion of attraction {unknown}
 h - a potion of invisibility {unknown}
 i - 3 potions of haste
 l - a potion of brilliance {unknown}
 o - a potion of degeneration {unknown}
 p - a potion of berserk rage {unknown}
 q - a potion of heal wounds {unknown}
 r - a potion of resistance {unknown}
 s - 2 potions of cancellation {unknown}
 t - 2 potions of ambrosia {unknown}


   Skills:
 + Level 4.0 Fighting
 * Level 6.7 Short Blades
 - Level 2.1 Throwing
 - Level 4.0 Dodging
 * Level 8.5 Stealth
 + Level 0.0 Spellcasting


You had 6 spell levels left.
You didn't know any spells.
Your spell library contained the following spells:

 Spells                   Type           Power      Damage    Failure   Level
 Cigotuvi's Dreadful Rot  Necr/Pois/Air  0%         N/A       43%         2
 Ensorcelled Hibernation  Hex/Ice        0%         N/A       43%         2
 Passwall                 Tmut/Erth      0%         N/A       43%         2
 Hailstorm                Conj/Ice       0%         3d3       67%         3
 Inner Flame              Hex/Fire       0%         N/A       67%         3
 Swiftness                Air            0%         N/A       67%         3
 Dispel Undead            Necr           0%         3d6       97%         4
 Flame Wave               Conj/Fire      0%         2d4       97%         4
 Ice Form                 Ice/Tmut       0%         N/A       97%         4
 Sticky Flame             Conj/Fire      0%         2d3       97%         4
 Death Channel            Necr           0%         N/A       100%        6
 Simulacrum               Ice/Necr       0%         N/A       100%        6


Dungeon Overview and Level Annotations

Branches:
Dungeon (5/15)
 Temple: D:4-7

Altars:
Elyvilon
Qazlal

Shops:
D:2 :[   D:3 (


Innate Abilities, Weirdness & Mutations

You are small and have problems with some larger weapons.
You are completely attuned to the shadows.
Your body sometimes deteriorates upon taking damage.


Message History

You hit the black bear.
The black bear is heavily wounded.
The black bear bites you.
Your body deteriorates!
You feel weakened. The black bear misses you. The black bear claws you.
You hit the black bear.
The black bear is severely wounded.
You barely miss the black bear.
The black bear is severely wounded.
The black bear closely misses you. The black bear completely misses you.
The black bear closely misses you.
You puncture the black bear!
The black bear is almost dead.
The black bear goes berserk!
You barely miss the black bear.
The black bear is almost dead.
The black bear bites you. The black bear completely misses you.
The black bear closely misses you.
You hit the black bear.
The black bear is almost dead.
The black bear bites you! The black bear closely misses you.
The black bear barely misses you.
You hit the black bear but do no damage.
The black bear is almost dead.
The black bear bites you.
* * * LOW HITPOINT WARNING * * *
Your body deteriorates!
You feel weakened. The black bear closely misses you. x2
You hit the black bear but do no damage.
The black bear is almost dead.
The black bear bites you but does no damage.
The black bear claws you.
* * * LOW HITPOINT WARNING * * *
The black bear closely misses you.
The black bear attacks as you move away!
The black bear barely misses you. The black bear misses you.
The black bear barely misses you.
The black bear rages.
The black bear bites you!
You die...

## #. #. #. # #.#.
##.################.#.
....h@...........##.#.
.#.#############......
.. .......... #
.####.#... #.#...
#.#.#. #.#.#. #.##
#.##


You could see a black bear (berserk).

Vanquished Creatures
  Grinder (D:3)
  A phantom (D:3)
  2 scorpions (D:4)
  A howler monkey (D:4)
  Jessica (D:3)
  An iguana (D:4)
  An orc wizard (D:4)
  7 adders
  A river rat (D:3)
  A white imp (D:5)
  A dart slug (D:2)
  11 orcs
  7 ball pythons
  2 bats (D:1)
  4 endoplasms
  9 giant cockroaches
  9 goblins
  11 hobgoblins
  3 jackals (D:2)
  7 kobolds
  3 quokkas
  4 frilled lizards
  10 rats
98 creatures vanquished.

Notes
Turn   | Place    | Note
-------+----------+-------------------------------------------
     0 | D:1      | Absynth the Kobold Brigand began the quest for the Orb.
     0 | D:1      | Reached XP level 1. HP: 12/12 MP: 1/1
    99 | D:1      | Reached XP level 2. HP: 17/17 MP: 2/2
   388 | D:1      | Found a faded altar of an unknown god.
   454 | D:1      | Reached XP level 3. HP: 22/22 MP: 3/3
  1239 | D:2      | Reached skill level 6 in Stealth
  1263 | D:2      | Found a stormy altar of Qazlal.
  1265 | D:2      | Identified the amulet "Koof Gycra" {Faith Fly rPois rF+
                  | Dex+6}
  1660 | D:2      | Reached XP level 4. HP: 27/27 MP: 4/4
  1683 | D:2      | Found Maorch's Book Boutique.
  1729 | D:2      | Found Wiwnuopi's Antique Armour Boutique.
  2139 | D:3      | Noticed Grinder
  2143 | D:3      | Killed Grinder
  2144 | D:3      | Reached skill level 5 in Short Blades
  2144 | D:3      | Reached skill level 7 in Stealth
  2144 | D:3      | Reached XP level 5. HP: 32/32 MP: 5/5
  2144 | D:3      | Reached XP level 6. HP: 37/37 MP: 6/6
  2453 | D:3      | Found Xaes Torph's Weapon Boutique.
  2718 | D:3      | Noticed Jessica
  2724 | D:3      | Killed Jessica
  2725 | D:3      | Reached XP level 7. HP: 41/41 MP: 7/7
  3402 | D:4      | Reached skill level 8 in Stealth
  3405 | D:4      | Gained mutation: Your body sometimes deteriorates upon
                  | taking damage. [potion of mutation]
  4035 | D:4      | Found a white marble altar of Elyvilon.
  4280 | D:5      | Entered Level 5 of the Dungeon
  4574 | D:5      | Slain by a black bear

Illustrated notes

Levels and vault maps discovered:
D:1:      minmay_arrival_wavy_path, layout_basic, ebering_ecumenical_altar_webs
D:2:      layout_basic, basic_altar, serial_shops, nicolae_shop_stone,
          nicolae_shop_overgrown_old_shop
D:3:      layout_loops_corners, portal_sewer_entry_a, serial_shops, shop_statue,
          kennysheep_cross_room, uniq_jessica, uniq_grinder
D:4:      layout_cave_pools, kennysheep_mini
D:5:      layout_basic

Skill      XL: |  1  2  3  4  5  6  7 |
---------------+----------------------+-----
Short Blades   | 3 5 6 |  6.7
Dodging        | 2 3 4 |  4.0
Stealth        | 6 7 8 |  8.5
Fighting       | 3 4 |  4.0
Throwing       | |  2.1

Action                   |  1- 3 |  4- 6 |  7- 9 || total
-------------------------+-------+-------+-------++-------
Melee: Dagger            |    79 |    34 |   119 ||   232
       Punch             |     1 |       |     1 ||     2
  Use: Scroll            |       |       |     7 ||     7
       Potion            |       |       |     1 ||     1
 Stab: Sleeping          |    22 |    18 |    13 ||    53
       Distracted        |     1 |       |       ||     1
Armor: Robe              |     9 |     2 |    19 ||    30
Dodge: Dodged            |    23 |     8 |   118 ||   149

Table legend: (Time is in decaauts)
 A = Elapsed time spent in this place.
 B = Non-inter-level travel time spent in this place.
 C = Inter-level travel time spent in this place.
 D = Time resting spent in this place.
 E = Time spent auto-exploring this place.
 F = Levels seen in this place.
 G = Mean time per level.
                   A        B        C        D        E       F      G
               +--------+--------+--------+--------+--------+-----+--------+
         Total |   4513 |   4415 |     98 |    347 |   3204 |   5 |  902.6 |
       Dungeon |   4513 |   4415 |     98 |    347 |   3204 |   5 |  902.6 |
               +--------+--------+--------+--------+--------+-----+--------+

Top non-repeatable levels by time:
     D:3: 1348 daAuts
     D:2: 1055 daAuts
     D:1: 1009 daAuts
     D:4: 814 daAuts
     D:5: 285 daAuts
